 Dungeon Crawl Stone Soup version 0.31-a0-625-gc9c7e45f3f (webtiles) character file.

Game seed: 1644986949017769925

16 GordonOverkill the Sneak (level 2, -2/16 HPs)
             Began as a Vine Stalker Delver on Aug 24, 2023.
             Killed by nerve-wracking pain
             ... invoked by an orc priest
              (5 damage)
             ... on level 5 of the Dungeon.
             The game lasted 00:01:25 (245 turns).

GordonOverkill the Sneak (Vine Stalker Delver)       Turns: 245, Time: 00:01:26

Health: -2/16      AC:  3    Str: 14    XL:     2   Next: 54%
Magic:  0/3        EV: 11    Int: 14    God:
Gold:   0          SH:  0    Dex: 15    Spells: 1/1 levels left

rFire   . . .        h - +7 dagger of Imbalance {freeze, Fragile rPois rCorr Int+4}
rCold   . . .        (no shield)
rNeg    . . .        b - +0 leather armour
rPois   +            (no helmet)
rElec   .            (no cloak)
rCorr   +            (no gloves)
SInv    .            (no boots)
Will    .....        (no amulet)
Stlth   +++          (no ring)
HPRegen 0.22/turn    (no ring)
MPRegen 0.08/turn

%: guardian spirit
@: no status effects
A: fangs 2, magic shield, antimagic bite, no potion heal 2
a: no special abilities


You were on level 5 of the Dungeon.
You visited 1 branch of the dungeon, and saw 3 of its levels.

Inventory:

Hand Weapons
 a - a +0 short sword
 h - the +7 dagger of Imbalance (weapon) {freeze, Fragile rPois rCorr Int+4}
   (You found it on level 5 of the Dungeon)

   Int+4:     It affects your intelligence (+4).
   rPois:     It protects you from poison rCorr: It protects you from acid and
   corrosion.
   Fragile:   It will be destroyed if unequipped.
Armour
 b - a +0 leather armour (worn)
Wands
 g - a wand of digging (2)
Scrolls
 c - a scroll of fog


   Skills:
 - Level 3.0 Fighting
 + Level 2.5 Short Blades
 - Level 1.5 Dodging
 - Level 6.0 Stealth


You had one spell level left.
You didn't know any spells.
Your spell library was empty.

Dungeon Overview and Level Annotations

Branches:
Dungeon (6/15)
 Temple: D:4-7

Altars:
Sif Muna
Trog
Zin


Innate Abilities, Weirdness & Mutations

You have extremely sharp teeth.
When hurt, damage is shared between your health and your magic reserves.
Your bite disrupts and absorbs the magic of your enemies.
Potions cannot restore your health.


Message History

You hit the orc. You freeze the orc.
The orc is moderately wounded.
The orc barely misses you.
You hit the orc but do no damage. You bite the orc. You drain its power.
The orc is almost dead.
The orc hits you with a +0 club.
You hit the orc. You freeze the orc.
You kill the orc!
No target in view!
No target in view!
No target in view!
You start resting.
HP restored.
You start resting.
Magic restored.
You climb downwards.
There is a stone staircase leading up here.
The orc priest shouts!
The orc priest hits you with a +0 club.
You hit the orc priest but do no damage.
The orc priest barely misses you.
You hit the orc priest. You freeze the orc priest.
The orc priest is moderately wounded.
The orc priest closely misses you.
You completely miss the orc priest.
The orc priest is lightly wounded.
You barely miss the orc priest.
The orc priest is lightly wounded.
The orc priest invokes the aid of Beogh against you.
Beogh smites you!
Ouch! That really hurt!
* * * LOW HITPOINT WARNING * * *
You are too injured to fight recklessly!
You are too injured to fight recklessly!
You are too injured to fight recklessly!
You hit the orc priest but do no damage.
The orc priest is lightly wounded.
The orc priest calls down the wrath of Beogh upon you.
Pain shoots through your body!
You die...

*##
*************>##**##***
*,,,,,,,,,,,*..#,...,,,
*,*********,*..#..,,,,,
*,*,,,,,,,,,*...,,,,,,,
*,*,*########.#,,,,,,,,
*,*,*#..oo.o..#*,,,,,,,
*,#.##.######!#*,,,,,,,
*,#..o@..#***.#*,,,,,,,
**,####.#.#*,,..*,,,,,,,
*,,,,...#.#*,*..#,,,,,,,
****#####.#*,*..#*******
###.<#.#*,*..#
#......#*,*..#
#.#.......#,,*
#,#########,,**
*,*,,,,,,,,,,,*******


You could see an orc priest.

Vanquished Creatures
  An adder (D:5)
  A dart slug (D:4)
  2 orcs (D:4)
4 creatures vanquished.

Notes
Turn   | Place    | Note
-------+----------+-------------------------------------------
     0 | D:5      | GordonOverkill the Vine Stalker Delver began the quest for
                  | the Orb.
     0 | D:5      | Reached XP level 1. HP: 11/11 MP: 2/2
     2 | D:5      | Identified the +7 dagger of Imbalance {freeze, Fragile
                  | rPois rCorr Int+4}
     6 | D:5      | Found a shimmering blue altar of Sif Muna.
     6 | D:5      | Found a glowing silver altar of Zin.
     7 | D:5      | Found a bloodstained altar of Trog.
    13 | D:5      | Noticed a phantom
    19 | D:5      | Noticed an orc priest
    20 | D:5      | Noticed a black bear
    20 | D:5      | Noticed an orc priest
    30 | D:6      | Noticed a bullfrog
    30 | D:6      | Noticed an orc wizard
    49 | D:5      | Noticed a howler monkey
    51 | D:5      | Noticed an orc priest
    63 | D:5      | Reached XP level 2. HP: 4/16 MP: 1/3
    64 | D:5      | Noticed an ogre
   245 | D:5      | Killed from afar by an orc priest

Illustrated notes

Levels and vault maps discovered:
D:4:      cheibrodos_thug_alley, layout_basic, fedhas_altar_1
D:5:      layout_basic, nicolae_overflow_quartered_altars
D:6:      layout_rooms, nicolae_wu_jian_wuxing_cycle,
          minmay_temple_entry_water_ring, serial_undead, serial_undead_d,
          serial_undead_d, serial_undead_d, serial_undead_d, uniq_grinder

Skill      XL: |  1 |
---------------+----+-----
Fighting       | 3 |  3.0
Short Blades   | 2 |  2.5
Dodging        | |  1.5
Stealth        | |  6.0

Action                     || total
---------------------------++-------
  Melee: Dagger            ||    17
         Bite              ||     2
         Punch             ||     1
  Evoke: Wand              ||     1
    Use: Scroll            ||     2
         Potion            ||     1
 Armour: Leather armour    ||     2
  Dodge: Dodged            ||     8

Table legend: (Time is in decaauts)
 A = Elapsed time spent in this place.
 B = Non-inter-level travel time spent in this place.
 C = Inter-level travel time spent in this place.
 D = Time resting spent in this place.
 E = Time spent auto-exploring this place.
 F = Levels seen in this place.
 G = Mean time per level.
                   A        B        C        D        E       F      G
               +--------+--------+--------+--------+--------+-----+--------+
         Total |    230 |    230 |      0 |    104 |      0 |   3 |   76.7 |
       Dungeon |    230 |    230 |      0 |    104 |      0 |   3 |   76.7 |
               +--------+--------+--------+--------+--------+-----+--------+

Top non-repeatable levels by time:
     D:4: 124 daAuts
     D:5: 103 daAuts
     D:6: 1 daAuts
